 Dungeon Crawl Stone Soup version 0.30-a0-696-g2367cd04db (webtiles) character file.

Game seed: 11616129049982059577

16 wormed the Caller (level 2, -1/19 HPs)
             Began as a Demonspawn Summoner on Jan 20, 2023.
             Slain by a gnoll
             ... wielding a +0 club
              (5 damage)
             ... on level 1 of the Dungeon.
             The game lasted 00:01:11 (646 turns).

wormed the Caller (Demonspawn Summoner)              Turns: 646, Time: 00:01:12

Health: -1/19      AC:  2    Str:  8    XL:     2   Next: 41%
Magic:  3/5        EV: 12    Int: 16    God:
Gold:   18         SH:  4    Dex: 13    Spells: 4/5 levels left

rFire   . . .      SeeInvis .    i - +0 whip (elec)
rCold   . . .      Faith    .    (no shield)
rNeg    . . .      Spirit   .    a - +0 robe
rPois   .          Reflect  .    (no helmet)
rElec   .          Harm     .    (no cloak)
rCorr   .          Rampage  .    (no gloves)
Will    .....                    (no boots)
Stlth   ++                       (no amulet)
HPRegen 0.23/turn                (no ring)
MPRegen 0.09/turn                (no ring)

@: no status effects
A: condensation shield
a: no special abilities


You were on level 1 of the Dungeon.
You visited 1 branch of the dungeon, and saw 1 of its levels.

You collected 18 gold pieces.

Inventory:

Hand Weapons
 i - a +0 whip of electrocution (weapon)
Armour
 a - a +0 robe (worn)
Scrolls
 d - a scroll of identify {unknown}
 f - a scroll of teleportation {unknown}
 g - 2 scrolls of magic mapping {unknown}
Potions
 b - a potion of magic
 c - a potion of brilliance {unknown}
 e - a potion of haste {unknown}
 h - 2 potions of cancellation {unknown}


   Skills:
 - Level 1.7 Dodging
 - Level 1.7 Stealth
 + Level 2.3 Spellcasting
 + Level 1.1 Hexes
 + Level 4.2 Summonings


You had 4 spell levels left.
You knew the following spells:

 Your Spells              Type           Power      Damage    Failure   Level
a - Summon Small Mammal   Summ           60%        N/A       3%          1

Your spell library contained the following spells:

 Spells                   Type           Power      Damage    Failure   Level
 Call Imp                 Summ           15%        N/A       5%          2
 Call Canine Familiar     Summ           15%        N/A       11%         3
 Summon Guardian Golem    Hex/Summ       10%        N/A       21%         3
 Portal Projectile        Hex/Tloc       6%         N/A       43%         3
 Summon Lightning Spire   Summ/Air       8%         N/A       63%         4
 Leda's Liquefaction      Hex/Erth       1%         N/A       85%         4


Dungeon Overview and Level Annotations

Branches:
Dungeon (1/15)

Altars:


Innate Abilities, Weirdness & Mutations

A meltable shield of frost defends you. (SH +4)


Message History

The gnoll completely misses your bat.
Your rat barely misses the goblin.
You barely miss the goblin. Your bat hits the gnoll.
The goblin hits you with a +0 dagger.
Your rat barely misses the goblin.
You completely miss the goblin.
Your bat hits the gnoll but does no damage.
The goblin hits you but does no damage. The gnoll barely misses you.
Your rat misses the goblin. You barely miss the gnoll.
The gnoll is lightly wounded.
Your bat barely misses the gnoll.
You block the goblin's attack. The kobold misses you.
The gnoll hits you with a +0 club.
Your rat barely misses the goblin.
You hit the gnoll.
The gnoll is moderately wounded.
Your bat barely misses the gnoll.
The goblin hits you with a +0 dagger. The gnoll barely misses you.
The kobold barely misses you. The frilled lizard bites you.
Your rat bites the goblin.
You hit the gnoll.
The gnoll is heavily wounded.
Your bat misses the gnoll.
Your bat hits the gnoll but does no damage.
The goblin barely misses you. The gnoll hits you with a +0 club.
* * * LOW HITPOINT WARNING * * *
The kobold hits you with a +0 dagger.
* * * LOW HITPOINT WARNING * * *
The frilled lizard barely misses you.
Your rat closely misses the kobold.
You swap places.
Your bat completely misses the frilled lizard.
Your bat hits the kobold but does no damage.
Your bat closely misses the kobold.
The goblin hits your bat with a +0 dagger.
The gnoll completely misses you.
The kobold hits your bat with a +0 dagger.
Your bat dies!
Your bat's corpse disappears in a puff of smoke!
Your rat misses the goblin.
The frilled lizard attacks as you move away!
The frilled lizard barely misses you. The gnoll attacks as you move away!
The gnoll hits you with a +0 club.
You die...

#.# #.###.
.#.#....####.#######.# #.
#.#.$..)#..........#.# #.
#......#........)...# #.
#........##.#####.#.# #.
#........##.# #.#.# #.
#......#.##.# #.#.###.
#...Kr#.##.# #.#.....
.#.lgl@....# #.#..##.
#...g#.#### #.#..###
#.#....?.# #.#..#
..#.#..#.... ..# #..# .
..##.....#.# #.#.#..#
.....#.......##.#.#..#
.........#..#.##.#..).###
... ..
.##.#....#.##.###.....
#.. .... #.##.# ##.###


You could see a gnoll, a goblin (ally target), a kobold, 2 frilled lizards and a
friendly rat (summoned).

Vanquished Creatures
  2 goblins (D:1)
  2 bats (D:1)
  A frilled lizard (D:1)
5 creatures vanquished.

Vanquished Creatures (collateral kills)
  3 endoplasms (D:1)
  2 hobgoblins (D:1)
  A kobold (D:1)
  A ball python (D:1)
  A bat (D:1)
  2 goblins (D:1)
  A rat (D:1)
11 creatures vanquished.

Grand Total: 16 creatures vanquished

Notes
Turn   | Place    | Note
-------+----------+-------------------------------------------
     0 | D:1      | wormed the Demonspawn Summoner began the quest for the Orb.
     0 | D:1      | Reached XP level 1. HP: 13/13 MP: 3/3
   323 | D:1      | Found a faded altar of an unknown god.
   348 | D:1      | Gained mutation: A meltable shield of frost defends you.
                  | (SH +4) [demonic ancestry]
   348 | D:1      | Reached XP level 2. HP: 17/19 MP: 3/5
   497 | D:1      | Reached skill level 1 in Hexes
   646 | D:1      | Slain by a gnoll

Illustrated notes

Levels and vault maps discovered:
D:1:      kennysheep_arrival_seaside, layout_loops_ring,
          nicolae_ecumenical_lake_church, nrook_campfire,
          minmay_misc_feat_secret_circle

Skill      XL: |  1  2 |
---------------+-------+-----
Hexes          | 1 |  1.1
Dodging        | |  1.7
Stealth        | |  1.7
Spellcasting   | |  2.3
Summonings     | |  4.2

Action                   || total
-------------------------++-------
Melee: Unarmed           ||    30
       Whip              ||     6
 Cast: Summon Small Mamm ||    28
 Stab: Sleeping          ||     1
Armor: Robe              ||    20
Dodge: Dodged            ||    36
Block: Other             ||     3

Table legend: (Time is in decaauts)
 A = Elapsed time spent in this place.
 B = Non-inter-level travel time spent in this place.
 C = Inter-level travel time spent in this place.
 D = Time resting spent in this place.
 E = Time spent auto-exploring this place.
 F = Levels seen in this place.
 G = Mean time per level.
                   A        B        C        D        E       F      G
               +--------+--------+--------+--------+--------+-----+--------+
         Total |    646 |    646 |      0 |      0 |    453 |   1 |  646.0 |
       Dungeon |    646 |    646 |      0 |      0 |    453 |   1 |  646.0 |
               +--------+--------+--------+--------+--------+-----+--------+

Top non-repeatable levels by time:
     D:1: 646 daAuts
